Map: Acid Plant LE

Players

Clem - Winner!

  • Race: Terran Terran
  • Spawn Location: 5:00

Poizon

  • Race: Protoss Protoss
  • Spawn Location: 11:00

Event: WCS Austin 2018

VOD

Have the link to the VOD?

Description

Time

  • Played on: June 1, 2018, 2:22 p.m.
  • Length: 5:59

All games in this series

Show
View Real Time Build Order
Export as new Build Order

Clem Terran - Winner!

Build Orders: Reaper Expand, MMM Bio 

Get SALT Encoding   

  12  0:00  SCV  
  13  0:12  SCV  
  14  0:17  Supply Depot  
  14  0:24  SCV  
  15  0:38  SCV  
  15  0:39  Barracks  
  16  0:43  Refinery  
  16  0:50  SCV  
  17  1:02  SCV  
  18  1:15  SCV  
  19  1:27  Orbital Command, Reaper  
  20  1:41  Command Center  
  20  1:51  Barracks  
  20  1:55  SCV  
  20  2:01  Barracks Reactor  
  21  2:07  SCV  
  22  2:10  Supply Depot  
  22  2:19  SCV  
  22  2:22  Barracks  
  23  2:31  SCV  
  24  2:38  Marine x2  
  24  2:39  Barracks Tech Lab  
  24  2:44  Engineering Bay, SCV  
  27  2:54  Orbital Command  
  27  2:56  Marine x2  
  27  2:58  SCV  
  30  3:04  Stimpack  
  30  3:07  Marine  
  30  3:10  Marine  
  32  3:13  Terran Infantry Weapons Level 1  
  32  3:15  SCV  
  32  3:19  Marine  
  34  3:20  SCV  
  34  3:21  Marine  
  34  3:25  Supply Depot  
  36  3:28  SCV  
  36  3:33  SCV  
  39  3:35  Marine  
  39  3:36  Marine, Barracks Tech Lab  
  39  3:39  Marine  
  39  3:40  SCV  
  42  3:48  SCV  
  42  3:50  Missile Turret  
  42  3:52  Marine, SCV  
  42  3:54  Marine  
  42  3:55  Combat Shields  
  45  3:56  Marine  
  45  3:59  Supply Depot  
  45  4:00  SCV  
  45  4:01  Marine  
  48  4:04  SCV  
  48  4:07  Missile Turret  
  48  4:08  Missile Turret  
  45  4:12  Marine, SCV  
  45  4:16  SCV  
  45  4:17  Marauder  
  50  4:21  Supply Depot  
  50  4:22  Marauder  
  50  4:23  Marine  
  53  4:25  SCV  
  53  4:29  Refinery  
  54  4:32  Refinery  
  54  4:35  Supply Depot, SCV  
  54  4:36  Marine  
  56  4:41  Marine  
  56  4:42  SCV  
  56  4:45  Marine x2  
  59  4:48  SCV  
  59  4:51  Supply Depot  
  61  4:54  SCV  
  61  4:58  Marine  
  61  4:59  Marine  
  64  5:00  SCV  
  64  5:03  Refinery  
  64  5:06  Supply Depot, Factory  
  65  5:07  Concussive Shells  
  65  5:15  Marauder  
  65  5:16  Marine x2  
  65  5:19  SCV  
  65  5:20  SCV  
  71  5:23  Marauder  
  72  5:31  SCV  
  72  5:34  Marine x2  
  72  5:35  SCV  
  73  5:36  Marauder  
  71  5:43  SCV  
  71  5:49  Supply Depot  
  73  5:52  Starport, Factory Reactor  
Show
View Real Time Build Order
Export as new Build Order

Poizon Protoss 

Build Orders: 1 Gate Expand, Oracle Opening 

Get SALT Encoding   

  12  0:00  Probe  
  13  0:13  Probe  
  14  0:17  Pylon  
  14  0:25  Probe  
  15  0:35  Gateway  
  15  0:40  Assimilator  
  15  0:43  Probe  
  16  0:55  Probe  
  17  1:07  Probe  
  18  1:24  Nexus  
  18  1:38  Cybernetics Core  
  18  1:40  Assimilator, Probe  
  19  1:52  Probe  
  20  2:04  Probe  
  20  2:06  Adept  
  21  2:10  Pylon  
  23  2:16  Pylon  
  23  2:28  Probe  
  24  2:36  Stargate  
  24  2:43  Probe x2  
  26  2:50  Adept  
  28  2:55  Probe  
  28  2:56  Probe  
  30  3:02  Pylon, Warp Gate  
  30  3:08  Probe x2  
  30  3:11  Oracle  
  31  3:20  Probe x2  
  36  3:27  Shield Battery  
  36  3:32  Probe x2  
  38  3:44  Probe  
  39  3:50  Probe  
  40  3:56  Probe  
  40  4:02  Probe  
  42  4:03  Adept  
  44  4:11  Probe  
  45  4:18  Probe  
  45  4:23  Gateway x2  
  46  4:24  Gateway  
  46  4:26  Pylon  
  46  4:29  Gateway  
  46  4:30  Shield Battery  
  46  4:33  Pylon  
  46  4:35  Probe  
  47  4:41  Probe  
  48  4:47  Probe  
  48  4:49  Pylon  
  48  4:51  Assimilator  
  49  4:53  Probe  
  50  5:09  Robotics Facility  
  50  5:10  Sentry  
  52  5:16  Gateway  
  52  5:18  Probe  
  52  5:19  Twilight Council  
  52  5:20  Sentry  
  55  5:21  Stalker  
  55  5:24  Assimilator  
  55  5:25  Probe  
  58  5:30  Probe  
  58  5:33  Adept x2  
  31  5:49  Adept x2  
  26  5:50  Adept  
Tags
 
Add a new tag
Caveats
  • Supply blocks, unpowered buildings, or Contaminate may cause inaccurate times.
  • Supply counts are checked every 10 seconds.